 Seeded DCSS version 0.28.0-62-gf88900778d (webtiles) character file.

Game seed: 2227743127912186755 (custom seed)

279 Nonny the Ruffian (level 6, -4/55 HPs)
             Began as a Troll Artificer on Mar 15, 2023.
             Slain by a centaur
             ... wielding the +4 whip "Idakkow" {spect, rCorr}
              (8 damage)
             ... on level 4 of the Dungeon.
             The game lasted 00:05:18 (741 turns).

Nonny the Ruffian (Troll Artificer)                  Turns: 741, Time: 00:05:19

Health: -4/55      AC:  4    Str: 21    XL:     6   Next: 5%
Magic:  5/5        EV: 11    Int:  7    God:
Gold:   86         SH:  0    Dex: 12    Spells: 5/5 levels left

rFire   . . .      SeeInvis .     - Unarmed
rCold   . . .      Faith    .   (no shield)
rNeg    . . .      Spirit   .   b - +0 robe
rPois   .          Reflect  .   (helmet restricted)
rElec   .          Harm     .   (no cloak)
rCorr   .          Rampage  .   (gloves unavailable)
Will    .....                   (boots unavailable)
Stlth   +.........              (no amulet)
HPRegen 0.98/turn               (no ring)
MPRegen 0.09/turn               (no ring)

@: no status effects
A: large, unfitting armour, claws 3, regeneration 1, shaggy fur 1, tough skin 1
a: no special abilities


You were on level 4 of the Dungeon.
You visited 1 branch of the dungeon, and saw 3 of its levels.

You collected 86 gold pieces.

Inventory:

Armour
 b - a +0 robe (worn)
Wands
 c - a wand of flame (15) (quivered)
 d - a wand of charming (15)
Scrolls
 f - 3 scrolls of identify
Miscellaneous
 e - a piece from Xom's chessboard (15/15)


   Skills:
 + Level 1.5 Fighting
 + Level 3.8 Dodging
 + Level 0.7 Stealth
 + Level 3.8 Unarmed Combat
 - Level 2.1 Evocations


You had 5 spell levels left.
You didn't know any spells.
Your spell library was empty.

Dungeon Overview and Level Annotations

Branches:
Dungeon (2/15)

Altars:


Innate Abilities, Weirdness & Mutations

You are too large for most types of armour.
You have claws for hands.
Your natural rate of healing is unusually fast.
You are covered in fur. (AC +1)
You have tough skin. (AC +1)


Message History

You feel stronger.
You see here a scorpion corpse.
Found a stone staircase leading up.
There is a stone staircase leading up here.
A centaur comes into view.
It is wielding the +4 whip "Idakkow" {spect, rCorr}.
The centaur unwields the +4 whip "Idakkow" {spect, rCorr}.
The centaur wields a +0 shortbow.
The centaur shoots an arrow.
The arrow hits you!
The centaur shoots an arrow.
The arrow hits you!
The centaur shoots an arrow.
The arrow closely misses you.
The centaur shoots an arrow.
The arrow closely misses you.
The centaur unwields a +0 shortbow.
The centaur wields the +4 whip "Idakkow" {spect, rCorr}.
The centaur hits you with the +4 whip "Idakkow" {spect, rCorr}!
The centaur kicks you but does no damage.
You scratch the centaur.
The centaur is lightly wounded.
The centaur hits you with the +4 whip "Idakkow" {spect, rCorr}!
The centaur closely misses you.
You scratch the centaur.
The centaur is lightly wounded.
The centaur hits you with the +4 whip "Idakkow" {spect, rCorr}!
* * * LOW HITPOINT WARNING * * *
The centaur kicks you but does no damage.
The centaur hits you with the +4 whip "Idakkow" {spect, rCorr}.
* * * LOW HITPOINT WARNING * * *
The centaur completely misses you.
You closely miss the centaur.
The centaur is lightly wounded.
The centaur hits you with the +4 whip "Idakkow" {spect, rCorr}.
* * * LOW HITPOINT WARNING * * *
The centaur barely misses you.
Unknown command.
You claw the centaur!
The centaur is severely wounded.
The centaur hits you with the +4 whip "Idakkow" {spect, rCorr}.
* * * LOW HITPOINT WARNING * * *
The centaur kicks you but does no damage.
The centaur hits you with the +4 whip "Idakkow" {spect, rCorr}!
You die...

#.# .# # #.# .. .# ####.# .###.##
... #...†# ......# #.. #.##.#
......# #.. ###.##.#######......#
#.. #...##..<...........# #####..
#.#####.....#.##.##.# #......
####.#####......@......# .......
#.......##.....#c.#.#... ........
#.#####.##.....#..#.#..#. #.###..
#.# #.########.......#. #.# #..
#.# #.#########.#..... #.# #..
#.# #.......###>###..# #.###.#
#.#####........##......####....##
#>.......####..# ## #.......###.#
##.##.......#.†######.#####.# ##.


You could see a centaur.

Vanquished Creatures
  A phantom (D:4)
  2 scorpions (D:4)
  A hound (D:4)
  A howler monkey skeleton (D:4)
  4 adders
  A worm (D:4)
  An adder skeleton (D:4)
  An orc (D:4)
  2 ball pythons
  2 giant cockroaches (D:2)
  2 goblins
  2 hobgoblins
  2 bats
  2 frilled lizards (D:2)
  A rat (D:2)
25 creatures vanquished.

Notes
Turn   | Place    | Note
-------+----------+-------------------------------------------
     0 | D:1      | Nonny the Troll Artificer began the quest for the Orb.
     0 | D:1      | Reached XP level 1. HP: 18/18 MP: 0/0
    40 | D:2      | AXOMARHOWAS - fog
   176 | D:2      | Reached skill level 1 in Unarmed Combat
   176 | D:2      | Reached XP level 2. HP: 26/26 MP: 1/1
   355 | D:2      | You fall into a shaft and drop 2 floors!
   361 | D:4      | UVVAJOGIUTZ - vulnerability
   362 | D:4      | APPAIPH KEMN - identify
   373 | D:4      | Noticed a phantom
   413 | D:4      | Killed a phantom
   414 | D:4      | Reached skill level 1 in Fighting
   414 | D:4      | Reached XP level 3. HP: 13/33 MP: 2/2
   414 | D:4      | Reached XP level 4. HP: 16/41 MP: 3/3
   423 | D:4      | quarterstaff
   447 | D:4      | Noticed a scorpion
   457 | D:4      | Killed a scorpion
   458 | D:4      | Reached XP level 5. HP: 13/48 MP: 4/4
   657 | D:4      | YCLOYD PAH EQE - fear
   658 | D:4      | EDAICSO AKHOEDGH - blinking
   727 | D:4      | Reached XP level 6. HP: 55/55 MP: 5/5
   733 | D:4      | Identified the +4 whip "Idakkow" {spect, rCorr}
   741 | D:4      | Slain by a centaur

Illustrated notes ## #.. #.# #.# # #.# #.####.#####.# #.#..§§§§§.....# .....§§@§§..# ##.#####§##.## #§....# ####.<# #..# #..# #..# #..# #..# Turn 40 on D:2: AXOMARHOWAS - fog #.# #.# ## .(. . #.#.# ####.#.# # #...... #.##.##.# #.#......@# #.......### ######.## ### Turn 361 on D:4: UVVAJOGIUTZ - vulnerability #.# #.# ## .(. . #.#.# ####.#.# # #...... #.##.##.# #.#......@# #.......### ######.## ### Turn 362 on D:4: APPAIPH KEMN - identify ## . #. .####.##### ..........#### #.#....## #.#....@# #.......# # ###.....# #.###....## #.......## ###......# #.##.#.# #.##.#.# #.#.<#.# Turn 423 on D:4: quarterstaff #. #.......##..... ####.............. ..##....†..##.#... #.##.......##.#.## #.##...).>.##.#.## #.######.......... #.# ####.#####..## #.# #....#####..# #@###.......##..# #........##>##..# ########.##.##..# #........# ########## Turn 657 on D:4: YCLOYD PAH EQE - fear

#........#.#..##.#.###
#.......###...#.......
#........#....#..#^...
##.....##..#.##..#..#.
##...# #........#....
#.## #......<###.#. #.
#.......##....
#.#####.............
#..@.##....†..##.#..
####.##.......##.#.#
#.##...).>.##.#.#
#.######......... #.#
####.#####..# #.#
#....#####..#
#§###.......##..#
#........##>##..#
########.##.##..#


Turn 658 on D:4: EDAICSO AKHOEDGH - blinking

Levels and vault maps discovered:
D:1:      scummos_arrival_simple_crosswalls, layout_basic,
          ebering_ecumenical_altar_mist, st_stairs_8,
          minmay_misc_feat_nine_boxes
D:2:      minmay_wonky_spiral, layout_loops_ring
D:4:      layout_loops_cross, cheibrodos_sewer_entry_bend

Skill      XL: |  1  2  3  4  5 |
---------------+----------------+-----
Dodging        | 2 3 |  3.8
Unarmed Combat | 1 2 3 |  3.8
Fighting       | 1 |  1.5
Stealth        | |  0.7
Evocations     | |  2.1

Action                   |  1- 3 |  4- 6 || total
-------------------------+-------+-------++-------
Melee: Unarmed           |    69 |    43 ||   112
       Punch             |     2 |     1 ||     3
  Use: Scroll            |     3 |     2 ||     5
Armor: Robe              |    24 |     9 ||    33
Dodge: Dodged            |    38 |    21 ||    59
